| TOP OF THE 1ST |
|
Eugene Emeralds batting - Pitching for Auburn Doubledays : LHP Harry Osborne
|
|
Pitching: LHP Harry Osborne
|
|
|
Batting: RHB Garrett Granata
|
0-0: Ball 1-0: Swinging Strike 1-1: SINGLE (Line Drive, 89S, EV 111.9 MPH)
|
|
Batting: RHB Adam Kelliher
|
0-0: Foul Ball, location: 2F 0-1: Ball 1-1: Ball 2-1: Fielders Choice at 2nd, 3-6 (Groundball, 3, EV 81.9 MPH)
|
|
Batting: RHB Francisco Ramirez
|
0-0: Called Strike 0-1: SINGLE (Flyball, 5D, EV 88.8 MPH) Adam Kelliher to second
|
|
Batting: LHB Trevor Spaulding
|
0-0: Called Strike 0-1: Ball 1-1: Ball 2-1: Ball 3-1: Base on Balls Adam Kelliher to third Francisco Ramirez to second
|
|
Batting: RHB Jonathan Sotelo
|
0-0: Called Strike 0-1: Ball 1-1: Called Strike 1-2: Grounds into fielders choice U2 (Groundball, 15S, EV 63.1 MPH) Francisco Ramirez to third Trevor Spaulding to second
|
|
Batting: LHB Kwang-chih Men
|
0-0: Called Strike 0-1: Foul Ball, location: 2F 0-2: GRAND SLAM HOME RUN (Line Drive, 8RXD, EV 117.5 MPH), Distance : 481 ft
|
|
Batting: RHB Frank McArdle
|
0-0: Ball 1-0: SOLO HOME RUN (Flyball, 7LD, EV 96.9 MPH), Distance : 355 ft
|
|
Batting: LHB Mark Huey
|
0-0: Ball 1-0: Called Strike 1-1: Ball 2-1: Swinging Strike 2-2: Foul Ball, location: 2F 2-2: Ball 3-2: Base on Balls
|
|
Batting: RHB Eddy Marcos
|
0-0: Ball 1-0: Foul Ball, location: 2F 1-1: Ball 2-1: Ball 3-1: Foul Ball, location: 2F 3-2: Base on Balls Mark Huey to second
|
|
Batting: RHB Garrett Granata
|
0-0: Ball 1-0: Called Strike 1-1: Foul Ball, location: 2F 1-2: Ball 2-2: Foul Ball, location: 2F 2-2: 3-RUN HOME RUN (Flyball, 8RXD, EV 106.3 MPH), Distance : 458 ft
|
|
Pitching: LHP Ruben de Leon
|
|
|
Batting: RHB Adam Kelliher
|
0-0: Foul Ball, location: 2F 0-1: Called Strike 0-2: Strikes out looking
|
| Top of the 1st over - 8 runs, 5 hits, 0 errors, 0 left on base; Eugene 8 - Auburn 0 |
| BOTTOM OF THE 1ST |
|
Auburn Doubledays batting - Pitching for Eugene Emeralds : RHP Mark Duffy
|
|
Pitching: RHP Mark Duffy
|
|
|
Batting: RHB Jim Miske
|
0-0: Ball 1-0: Ball 2-0: Ball 3-0: Called Strike 3-1: Swinging Strike 3-2: Foul Ball, location: 2F 3-2: Base on Balls
|
|
Batting: RHB Ryan Hiemer
|
0-0: Ball Jim Miske steals 2nd base 1-0: Swinging Strike 1-1: Ball 2-1: Called Strike 2-2: Strikes out swinging
|
|
Batting: LHB John Luke
|
0-0: Foul Ball, location: 2F 0-1: Ball 1-1: Fly out, F7 (Flyball, 7S, EV 83.1 MPH)
|
|
Batting: RHB Slavik Nebrodov
|
0-0: Ball 1-0: Called Strike 1-1: DOUBLE (Line Drive, 7LD, EV 110.0 MPH) Jim Miske scores
|
|
Batting: LHB Elias Posada
|
0-0: Ball 1-0: Ball 2-0: Called Strike 2-1: Ball 3-1: Base on Balls
|
|
Batting: SHB Alex Medina
|
0-0: Ball 1-0: Foul Ball, location: 2F 1-1: Foul Ball, location: 2F 1-2: Ball 2-2: Ball 3-2: Strikes out swinging
|
| Bottom of the 1st over - 1 run, 1 hit, 0 errors, 2 left on base; Eugene 8 - Auburn 1 |
| TOP OF THE 2ND |
|
Eugene Emeralds batting - Pitching for Auburn Doubledays : LHP Ruben de Leon
|
|
Pitching: RHP Mike DiFonzo
|
|
|
Batting: RHB Francisco Ramirez
|
0-0: Called Strike 0-1: Foul Ball, location: 2F 0-2: Foul Ball, location: 2F 0-2: SINGLE (Groundball, 6MD, EV 105.0 MPH)
|
|
Batting: LHB Trevor Spaulding
|
0-0: Foul Ball, location: 2F 0-1: Ball 1-1: Foul Ball, location: 2F 1-2: Ball 2-2: Foul Ball, location: 2F 2-2: DOUBLE (Flyball, 8RXD, EV 96.9 MPH) Francisco Ramirez to third
|
|
Batting: RHB Jonathan Sotelo
|
0-0: Ball 1-0: Ground out 5-3 (Groundball, 56S, EV 81.9 MPH) Francisco Ramirez scores
|
|
Batting: LHB Kwang-chih Men
|
0-0: Foul Ball, location: 2F 0-1: Called Strike 0-2: Ball 1-2: Ball 2-2: Strikes out swinging
|
|
Batting: RHB Frank McArdle
|
0-0: Ball 1-0: SINGLE (Flyball, 5D, EV 97.5 MPH) Trevor Spaulding to third Runner from 3rd tries for Home, SAFE, throw by LF to home
|
|
Batting: LHB Mark Huey
|
0-0: Called Strike 0-1: SINGLE (Line Drive, 6M, EV 103.8 MPH) Frank McArdle to second
|
|
Batting: RHB Eddy Marcos
|
0-0: Called Strike 0-1: Ball 1-1: Ball 2-1: Ball 3-1: DOUBLE (Flyball, 89D, EV 95.6 MPH) Frank McArdle scores Mark Huey to third
|
|
Batting: RHB Garrett Granata
|
0-0: Called Strike 0-1: Ball 1-1: Ball 2-1: Foul Ball, location: 2F 2-2: Foul Ball, location: 2F 2-2: Strikes out swinging
|
| Top of the 2nd over - 3 runs, 5 hits, 0 errors, 2 left on base; Eugene 11 - Auburn 1 |
| BOTTOM OF THE 2ND |
|
Auburn Doubledays batting - Pitching for Eugene Emeralds : RHP Mark Duffy
|
|
Batting: RHB Joe Young
|
0-0: Ball 1-0: DOUBLE (Line Drive, 7LM, EV 99.4 MPH)
|
|
Batting: RHB Travis Stanley
|
0-0: TRIPLE (Line Drive, 78XD, EV 109.4 MPH) Joe Young scores
|
|
Batting: RHB David Rojas
|
0-0: Ball 1-0: Ball 2-0: Foul Ball, location: 2F 2-1: Foul Ball, location: 2F 2-2: Ground out 1-3 (Groundball, 13S, EV 76.3 MPH)
|
|
Batting: RHB Jim Miske
|
0-0: Called Strike 0-1: Swinging Strike 0-2: Ball 1-2: Strikes out swinging
|
|
Batting: RHB Ryan Hiemer
|
0-0: Fly out, F6 (Popup, 6MD, EV 64.4 MPH)
|
| Bottom of the 2nd over - 1 run, 2 hits, 0 errors, 1 left on base; Eugene 11 - Auburn 2 |
| TOP OF THE 3RD |
|
Eugene Emeralds batting - Pitching for Auburn Doubledays : RHP Mike DiFonzo
|
|
Batting: RHB Adam Kelliher
|
0-0: Called Strike 0-1: Ball 1-1: Ball 2-1: Called Strike 2-2: Ball 3-2: Foul Ball, location: 2F 3-2: Fly out, F8 (Flyball, 89D, EV 92.5 MPH)
|
|
Pitching: LHP Jason Wasson
|
|
|
Batting: RHB Francisco Ramirez
|
0-0: Foul Ball, location: 2F 0-1: Foul Ball, location: 2F 0-2: Fly out, F7 (Flyball, 7D, EV 96.9 MPH)
|
|
Batting: LHB Trevor Spaulding
|
0-0: Foul Ball, location: 2F 0-1: Swinging Strike 0-2: Ball 1-2: Foul Ball, location: 2F 1-2: Ball 2-2: Ball 3-2: SINGLE (Groundball, 34D, EV 98.1 MPH)
|
|
Batting: RHB Jonathan Sotelo
|
0-0: Ball 1-0: Called Strike 1-1: Ball 2-1: Foul Ball, location: 2F 2-2: Ball 3-2: Ground out 5-3 (Groundball, 15, EV 83.8 MPH)
|
| Top of the 3rd over - 0 runs, 1 hit, 0 errors, 1 left on base; Eugene 11 - Auburn 2 |
| BOTTOM OF THE 3RD |
|
Auburn Doubledays batting - Pitching for Eugene Emeralds : RHP Mark Duffy
|
|
Batting: LHB John Luke
|
0-0: Ball 1-0: Ball 2-0: Ball 3-0: Called Strike 3-1: Base on Balls
|
|
Batting: RHB Slavik Nebrodov
|
Balk! John Luke to second 0-0: Called Strike 0-1: Ground out 5-3 (Groundball, 56S, EV 87.5 MPH)
|
|
Batting: LHB Elias Posada
|
0-0: Ball 1-0: Called Strike 1-1: Foul Ball, location: 2F 1-2: Strikes out looking
|
|
Batting: SHB Alex Medina
|
0-0: Foul Ball, location: 2F 0-1: Ball 1-1: Called Strike 1-2: Strikes out swinging
|
| Bottom of the 3rd over - 0 runs, 0 hits, 0 errors, 1 left on base; Eugene 11 - Auburn 2 |
| TOP OF THE 4TH |
|
Eugene Emeralds batting - Pitching for Auburn Doubledays : LHP Jason Wasson
|
|
Batting: LHB Kwang-chih Men
|
0-0: Foul Ball, location: 2F 0-1: Ball 1-1: Reached via error on a dropped throw from 3B, E3 (Groundball, 56, EV 86.9 MPH)
|
|
Batting: RHB Frank McArdle
|
0-0: Foul Ball, location: 2F 0-1: Ball 1-1: Ball 2-1: Fly out, F5 (Popup, 5SF, EV 70.6 MPH)
|
|
Batting: LHB Mark Huey
|
0-0: Ball 1-0: Called Strike 1-1: Ball 2-1: Foul Ball, location: 2F 2-2: Ball 3-2: Base on Balls Kwang-chih Men to second
|
|
Batting: RHB Eddy Marcos
|
0-0: Swinging Strike 0-1: Fly out, F8 (Line Drive, 8LM, EV 110.6 MPH)
|
|
Batting: RHB Garrett Granata
|
0-0: Called Strike 0-1: Ball 1-1: Foul Ball, location: 2F 1-2: Ball 2-2: SINGLE (Line Drive, 89S, EV 107.5 MPH) Kwang-chih Men to third Mark Huey to second Runner from 3rd tries for Home, SAFE, throw by RF to home
|
|
Batting: RHB Adam Kelliher
|
0-0: Foul Ball, location: 2F 0-1: Fly out, F9 (Flyball, 9, EV 96.3 MPH)
|
| Top of the 4th over - 1 run, 1 hit, 1 error, 2 left on base; Eugene 12 - Auburn 2 |
| BOTTOM OF THE 4TH |
|
Auburn Doubledays batting - Pitching for Eugene Emeralds : RHP Mark Duffy
|
|
Batting: RHB Joe Young
|
0-0: Called Strike 0-1: Ball 1-1: Ball 2-1: Foul Ball, location: 2F 2-2: DOUBLE (Flyball, 8RD, EV 90.6 MPH)
|
|
Batting: RHB Travis Stanley
|
0-0: Called Strike 0-1: Ground out 6-3 (Groundball, 6, EV 91.9 MPH)
|
|
Batting: RHB David Rojas
|
0-0: Ball 1-0: Foul Ball, location: 2F 1-1: Foul Ball, location: 2F 1-2: Ball 2-2: Ground out 1-3 (Groundball, 13S, EV 68.1 MPH) Joe Young to third
|
|
Batting: RHB Jim Miske
|
0-0: Ball 1-0: Called Strike 1-1: Swinging Strike 1-2: Foul Ball, location: 2F 1-2: Strikes out swinging
|
| Bottom of the 4th over - 0 runs, 1 hit, 0 errors, 1 left on base; Eugene 12 - Auburn 2 |
| TOP OF THE 5TH |
|
Eugene Emeralds batting - Pitching for Auburn Doubledays : LHP Jason Wasson
|
|
Batting: RHB Francisco Ramirez
|
0-0: Fly out, F7 (Flyball, 78S, EV 93.1 MPH)
|
|
Batting: LHB Trevor Spaulding
|
0-0: Called Strike 0-1: Ball 1-1: Foul Ball, location: 2F 1-2: Ground out 4-3 (Groundball, 4, EV 76.9 MPH)
|
|
Batting: RHB Jonathan Sotelo
|
0-0: Ball 1-0: Fly out, F8 (Flyball, 89XD, EV 105.0 MPH)
|
| Top of the 5th over - 0 runs, 0 hits, 0 errors, 0 left on base; Eugene 12 - Auburn 2 |
| BOTTOM OF THE 5TH |
|
Auburn Doubledays batting - Pitching for Eugene Emeralds : RHP Mark Duffy
|
|
Batting: RHB Ryan Hiemer
|
0-0: Foul Ball, location: 2F 0-1: Foul Ball, location: 2F 0-2: Ball 1-2: Foul Ball, location: 2F 1-2: Ball 2-2: Foul Ball, location: 2F 2-2: Fly out, F8 (Line Drive, 8LD, EV 86.9 MPH)
|
|
Pitching: LHP Jesse Fields
|
|
|
Batting: LHB John Luke
|
0-0: Ball 1-0: Called Strike 1-1: Called Strike 1-2: Ball 2-2: Strikes out swinging
|
|
Batting: RHB Slavik Nebrodov
|
0-0: Ball 1-0: Ground out 4-3 (Groundball, 4M, EV 103.1 MPH)
|
| Bottom of the 5th over - 0 runs, 0 hits, 0 errors, 0 left on base; Eugene 12 - Auburn 2 |
| TOP OF THE 6TH |
|
Eugene Emeralds batting - Pitching for Auburn Doubledays : LHP Jason Wasson
|
|
Batting: LHB Kwang-chih Men
|
0-0: Swinging Strike 0-1: Ball 1-1: Called Strike 1-2: Strikes out swinging
|
|
Batting: RHB Frank McArdle
|
0-0: Foul Ball, location: 2F 0-1: Called Strike 0-2: DOUBLE (Line Drive, 89D, EV 106.9 MPH)
|
|
Batting: LHB Mark Huey
|
0-0: Ball 1-0: Called Strike 1-1: Foul Ball, location: 2F 1-2: Strikes out swinging
|
|
Pitching: LHP Juan Bonet
|
|
|
Batting: RHB Eddy Marcos
|
0-0: Ball 1-0: Ball 2-0: Ball 3-0: Called Strike 3-1: Base on Balls
|
|
Batting: RHB Garrett Granata
|
0-0: Ball 1-0: Ball 2-0: Ball 3-0: Called Strike 3-1: Foul Ball, location: 2F 3-2: TRIPLE (Flyball, 9LD, EV 94.4 MPH) Frank McArdle scores Eddy Marcos scores
|
|
Batting: RHB Adam Kelliher
|
0-0: Called Strike 0-1: Foul Ball, location: 2F 0-2: Foul Ball, location: 2F 0-2: Ball 1-2: Foul Ball, location: 2F 1-2: Ground out 6-3 (Groundball, 6, EV 106.9 MPH)
|
| Top of the 6th over - 2 runs, 2 hits, 0 errors, 1 left on base; Eugene 14 - Auburn 2 |
| BOTTOM OF THE 6TH |
|
Auburn Doubledays batting - Pitching for Eugene Emeralds : LHP Jesse Fields
|
|
Batting: LHB Elias Posada
|
0-0: Called Strike 0-1: Ball 1-1: Foul Ball, location: 2F 1-2: Strikes out swinging
|
|
Batting: SHB Alex Medina
|
0-0: Ball 1-0: Called Strike 1-1: SINGLE (Groundball, 56D, EV 105.0 MPH)
|
|
Batting: RHB Joe Young
|
0-0: Ball 1-0: Foul Ball, location: 2F 1-1: Ball 2-1: Fly out, F8 (Line Drive, 8LD, EV 88.1 MPH)
|
|
Batting: RHB Travis Stanley
|
0-0: Fly out, F7 (Flyball, 78M, EV 86.9 MPH)
|
| Bottom of the 6th over - 0 runs, 1 hit, 0 errors, 1 left on base; Eugene 14 - Auburn 2 |
| TOP OF THE 7TH |
|
Eugene Emeralds batting - Pitching for Auburn Doubledays : LHP Juan Bonet
|
|
Batting: RHB Francisco Ramirez
|
0-0: Ball 1-0: Ball 2-0: Ball 3-0: Called Strike 3-1: Ground out 6-3 (Groundball, 56, EV 82.5 MPH)
|
|
Pinch Hitting: RHB Ryan Walker
|
0-0: Called Strike 0-1: Foul Ball, location: 2F 0-2: Ball 1-2: Ball 2-2: Fly out, F3 (Popup, 34, EV 55.0 MPH)
|
|
Batting: RHB Jonathan Sotelo
|
0-0: Called Strike 0-1: SINGLE (Line Drive, 4MD, EV 93.8 MPH)
|
|
Pitching: RHP Bryan Ernst
|
|
|
Batting: LHB Kwang-chih Men
|
0-0: Ball 1-0: Reached on error, E3 (Groundball, 34S, EV 80.0 MPH) Jonathan Sotelo to third
|
|
Batting: RHB Frank McArdle
|
Balk! Jonathan Sotelo scores Kwang-chih Men to third 0-0: Ball 1-0: Ball 2-0: Ground out 4-3 (Groundball, 4M, EV 83.8 MPH)
|
| Top of the 7th over - 1 run, 1 hit, 1 error, 1 left on base; Eugene 15 - Auburn 2 |
| BOTTOM OF THE 7TH |
|
Auburn Doubledays batting - Pitching for Eugene Emeralds : LHP Jesse Fields
|
|
Now at 1B: Dusty Hergert
|
|
|
Batting: RHB David Rojas
|
0-0: Called Strike 0-1: Called Strike 0-2: Ball 1-2: Strikes out swinging
|
|
Batting: RHB Jim Miske
|
0-0: Ball 1-0: Called Strike 1-1: Called Strike 1-2: Foul Ball, location: 2F 1-2: Ball 2-2: Fly out, F7 (Flyball, 78S, EV 83.1 MPH)
|
|
Pinch Hitting: RHB Isaiah Seme
|
0-0: Foul Ball, location: 2F 0-1: Ground out 6-3 (Groundball, 6MS, EV 88.8 MPH)
|
| Bottom of the 7th over - 0 runs, 0 hits, 0 errors, 0 left on base; Eugene 15 - Auburn 2 |
| TOP OF THE 8TH |
|
Eugene Emeralds batting - Pitching for Auburn Doubledays : RHP Bryan Ernst
|
|
Now at 2B: Isaiah Seme
|
|
|
Pinch Hitting: RHB Ricky Lule
|
0-0: Ball 1-0: Ball 2-0: Ball 3-0: Called Strike 3-1: Foul Ball, location: 2F 3-2: Ground out 5-3 (Groundball, 56S, EV 66.3 MPH)
|
|
Batting: RHB Eddy Marcos
|
0-0: Called Strike 0-1: Ball 1-1: Ball 2-1: Swinging Strike 2-2: Ground out 4-3 (Groundball, 4, EV 88.8 MPH)
|
|
Batting: RHB Garrett Granata
|
0-0: Ball 1-0: Ground out U3 (Groundball, 34S, EV 74.4 MPH)
|
| Top of the 8th over - 0 runs, 0 hits, 0 errors, 0 left on base; Eugene 15 - Auburn 2 |
| BOTTOM OF THE 8TH |
|
Auburn Doubledays batting - Pitching for Eugene Emeralds : LHP Jesse Fields
|
|
Now at 2B: Ricky Lule
|
|
|
Now at SS: Garrett Granata
|
|
|
Batting: LHB John Luke
|
0-0: Foul Ball, location: 2F 0-1: Ball 1-1: Ground out 6-3 (Groundball, 6M, EV 89.4 MPH)
|
|
Batting: RHB Slavik Nebrodov
|
0-0: Ball 1-0: Swinging Strike 1-1: Foul Ball, location: 2F 1-2: Ball 2-2: Strikes out swinging
|
|
Batting: LHB Elias Posada
|
0-0: Fly out, F8 (Flyball, 8RM, EV 71.3 MPH)
|
| Bottom of the 8th over - 0 runs, 0 hits, 0 errors, 0 left on base; Eugene 15 - Auburn 2 |
| TOP OF THE 9TH |
|
Eugene Emeralds batting - Pitching for Auburn Doubledays : RHP Bryan Ernst
|
|
Batting: RHB Adam Kelliher
|
0-0: Ball 1-0: Ball 2-0: Swinging Strike 2-1: Fly out, F5 (Line Drive, 5, EV 65.6 MPH)
|
|
Batting: RHB Francisco Ramirez
|
0-0: Ball 1-0: Swinging Strike 1-1: Called Strike 1-2: Ball 2-2: Ball 3-2: Foul Ball, location: 2F 3-2: SOLO HOME RUN (Flyball, 9LD, EV 95.0 MPH), Distance : 361 ft
|
|
Batting: RHB Dusty Hergert
|
0-0: Foul Ball, location: 2F 0-1: Ball 1-1: Swinging Strike 1-2: Ground out 6-3 (Groundball, 56, EV 107.5 MPH)
|
|
Batting: RHB Jonathan Sotelo
|
0-0: Ball 1-0: Ball 2-0: Ball 3-0: Base on Balls
|
|
Batting: LHB Kwang-chih Men
|
0-0: Ball Wild Pitch! Jonathan Sotelo to second 1-0: Ball 2-0: Called Strike 2-1: Swinging Strike 2-2: Foul Ball, location: 2F 2-2: Strikes out swinging
|
| Top of the 9th over - 1 run, 1 hit, 0 errors, 1 left on base; Eugene 16 - Auburn 2 |
| BOTTOM OF THE 9TH |
|
Auburn Doubledays batting - Pitching for Eugene Emeralds : LHP Jesse Fields
|
|
Batting: SHB Alex Medina
|
0-0: Ball 1-0: Called Strike 1-1: Called Strike 1-2: Ground out 6-3 (Groundball, 56, EV 87.5 MPH)
|
|
Batting: RHB Joe Young
|
0-0: Called Strike 0-1: Ball 1-1: Foul Ball, location: 2F 1-2: Ball 2-2: Ground out 6-3 (Groundball, 6, EV 104.4 MPH)
|
|
Pinch Hitting: RHB Jeff Page
|
0-0: Foul Ball, location: 2F 0-1: Swinging Strike 0-2: Strikes out looking
|
| Bottom of the 9th over - 0 runs, 0 hits, 0 errors, 0 left on base; Eugene 16 - Auburn 2 |
|